 Dungeon Crawl Stone Soup version 0.29.1-15-g9cfb28693d (webtiles) character file.

Game seed: 9490371382455094657

300965 firemarshallily the Slayer (level 20, -1/282 HPs)
             Began as a Demonspawn Gladiator on Mar 14, 2023.
             Was the Champion of Qazlal.
             Slain by a spatial maelstrom (7 damage)
             ... on level 5 of the Abyss.
             The game lasted 04:01:19 (58640 turns).

firemarshallily the Slayer (Demonspawn Gladiator)  Turns: 58640, Time: 04:01:19

Health: -1/282     AC: 30    Str: 30    XL:     20   Next: 18%
Magic:  30/30      EV:  2    Int: 11    God:    Qazlal [******]
Gold:   1065       SH:  0    Dex: 16    Spells: 19/19 levels left

rFire   + . .      SeeInvis .   X - +8 war axe of Psychosis {vorpal, Dex+2}
rCold   x . .      Faith    .   S - +2 kite shield {reflect}
rNeg    . . .      Spirit   .   (body armour currently unavailable)
rPois   +          Reflect  +   (helmet currently unavailable)
rElec   .          Harm     .   (cloak currently unavailable)
rCorr   .          Rampage  .   (gloves unavailable)
Will    +....      NoTele   +   (boots currently unavailable)
Stlth   +.........              A - amulet of reflection
HPRegen 0.57/turn               l - +4 ring of evasion
MPRegen 0.22/turn               W - ring of Law {Fire rPois Str+7}

@: confused, agile, tree-form, ambrosia-drunk, hasted, invisible, repel
missiles, very quick
A: stationary, stasis, torment immunity, boosted hp, (claws 3), demonic guardian
1, powered by pain 1, augmentation 2, (sturdy frame 3)
}: 2/15 runes: barnacled, gossamer
a: Renounce Religion, Upheaval, Elemental Force, Disaster Area


You were on level 5 of the Abyss.
You worshipped Qazlal.
Qazlal was exalted by your worship.
You were a tree.
You visited 7 branches of the dungeon, and saw 35 of its levels.
You visited the Abyss 1 time.
You also visited: Gauntlet, Ice Cave and Volcano.

You collected 5351 gold pieces.
You spent 4286 gold pieces at shops.

Inventory:

Hand Weapons
 a - a +7 war axe of flaming
 X - the +8 war axe of Psychosis (weapon) {vorpal, Dex+2}
   (You bought it in a shop on level 2 of the Orcish Mines)

   It inflicts extra damage upon your enemies.
   Dex:       It affects your dexterity (+2).
Missiles
 d - a throwing net
 y - 3 atropa-tipped darts
 F - 22 poisoned darts (quivered)
 I - 13 silver javelins
 Q - 28 javelins
Armour
 c - a +2 helmet (melded)
 g - the +2 ratskin cloak (melded) {*Rats rPois rN+ Str-1 Int-1 Dex+1}
   (You found it on level 7 of the Dungeon)

   When the wearer is hurt, rats may emerge from it to assist them.
   Str:       It affects your strength (-1).
   Int:       It affects your intelligence (-1).
   Dex:       It affects your dexterity (+1).
   rPois:     It protects you from poison.
   rN:        It protects you from negative energy.
 o - the +6 plate armour "Jockyonu" (melded) {rF+}
   (You bought it in a shop on level 2 of the Orcish Mines)

   rF:        It protects you from fire.
 t - a +2 pair of boots (melded)
 u - a +4 plate armour of willpower
 S - a +2 kite shield of reflection (worn)
 Z - a +2 plate armour of cold resistance
Jewellery
 b - the ring of Suspected Treachery {Ice Int+3 Dex+2 SInv}
   (You found it in an ice cave)

   [ring of ice]

   It enhances your ice magic.
   Int:       It affects your intelligence (+3).
   Dex:       It affects your dexterity (+2).
   rF:        It makes you vulnerable to fire.
   rC:        It protects you from cold.
   SInv:      It lets you see invisible.
 i - a ring of protection from cold
 l - a +4 ring of evasion (left branch)
 s - the ring "Iqutsir" {Int+2 Dex+6}
   (You bought it in a shop on level 1 of the Orcish Mines)

   [ring of dexterity]

   Int:       It affects your intelligence (+2).
   Dex:       It affects your dexterity (+6).
 A - an amulet of reflection (around neck)
 K - the ring "Qyal" {Fly AC+4}
   (You found it on level 1 of the Vaults)

   [ring of protection]

   AC:        It affects your AC (+4).
   Fly:       It grants you flight.
 N - a ring of see invisible
 O - a ring of willpower
 W - the ring of Law (right branch) {Fire rPois Str+7}
   (You bought it in a shop on level 1 of the Orcish Mines)

   [ring of fire]

   It enhances your fire magic.
   Str:       It affects your strength (+7).
   rF:        It protects you from fire.
   rC:        It makes you vulnerable to cold.
   rPois:     It protects you from poison.
Wands
 e - a wand of digging (31)
 E - a wand of light (23)
 H - a wand of flame (30)
 Y - a wand of mindburst (22)
Scrolls
 h - 2 scrolls of torment
 j - 5 scrolls of poison
 q - 6 scrolls of fear
 z - 3 scrolls of immolation
 D - 16 scrolls of teleportation
 L - 3 scrolls of amnesia
 P - a scroll of summoning
 T - 3 scrolls of silence
 V - 4 scrolls of butterflies
Potions
 f - 12 potions of curing
 k - 4 potions of magic
 m - a potion of berserk rage
 n - 7 potions of mutation
 p - 3 potions of attraction
 r - 5 potions of brilliance
 v - 6 potions of lignification
 x - 3 potions of haste
 B - 3 potions of might
 C - 3 potions of cancellation
 J - 11 potions of ambrosia
 R - 5 potions of resistance
 U - 4 potions of invisibility
Miscellaneous
 w - a lightning rod (4/4)


   Skills:
 * Level 24.1 Fighting
 - Level 16.0 Axes
 - Level 10.2 Throwing
 + Level 12.5 Armour
 - Level 2.8 Dodging
 + Level 11.0 Shields
 - Level 13.8 Invocations


You had 19 spell levels left.
You didn't know any spells.
Your spell library contained the following spells:

 Spells                   Type           Power      Damage    Failure   Level
 Magic Dart               Conj           0%         1d3       58%         1
 Ensorcelled Hibernation  Hex/Ice        0%         N/A       75%         2
 Searing Ray              Conj           0%         2d4       75%         2
 Wereblood                Tmut           0%         N/A       75%         2
 Dazzling Flash           Conj/Hex       0%         N/A       92%         3
 Ignite Poison            Fire/Tmut/Pois 0%         N/A       92%         3
 Ozocubu's Armour         Ice            0%         N/A       92%         3
 Spider Form              Tmut/Pois      0%         N/A       92%         3
 Stone Arrow              Conj/Erth      0%         3d7       92%         3
 Swiftness                Air            0%         N/A       92%         3
 Anguish                  Hex/Necr       0%         N/A       100%        4
 Animate Armour           Summ/Erth      0%         N/A       100%        4
 Corpse Rot               Necr/Pois/Air  0%         N/A       100%        4
 Fulminant Prism          Conj/Hex       0%         3d6       100%        4
 Hailstorm                Conj/Ice       0%         3d3       100%        4
 Iskenderun's Mystic Bla  Conj/Tloc      0%         2d3       100%        4
 Summon Ice Beast         Ice/Summ       0%         N/A       100%        4
 Iskenderun's Battlesphe  Conj           0%         2d6       100%        5
 Metabolic Englaciation   Hex/Ice        0%         N/A       100%        5
 Summon Mana Viper        Hex/Summ       0%         N/A       100%        5
 Conjure Ball Lightning   Conj/Air       0%         3x3d6     100%        6
 Iron Shot                Conj/Erth      0%         9d1       100%        6
 Simulacrum               Ice/Necr       0%         N/A       100%        6
 Starburst                Conj/Fire      0%         6d3       100%        6
 Monstrous Menagerie      Summ           0%         N/A       100%        7
 Ozocubu's Refrigeration  Ice            0%         4d7       100%        7
 Spellforged Servitor     Conj/Summ      0%         N/A       100%        7
 Borgnjor's Revivificati  Necr           0%         N/A       100%        8
 Discord                  Hex            0%         N/A       100%        8
 Disjunction              Tloc           0%         N/A       100%        8
 Lehudib's Crystal Spear  Conj/Erth      0%         10d2      100%        8
 Necromutation            Tmut/Necr      0%         N/A       100%        8
 Death's Door             Necr           0%         N/A       100%        9
 Fire Storm               Conj/Fire      0%         5d1       100%        9


Dungeon Overview and Level Annotations

Branches:
Dungeon (15/15)            Temple (1/1) D:6            Lair (5/5) D:9
 Shoals (4/4) Lair:2       Spider (4/4) Lair:2        Slime (0/5) Lair:5
    Orc (2/2) D:9             Elf (0/3) Orc:2        Vaults (4/5) D:14
  Crypt (0/3) Vaults:2     Depths (0/4) D:15          IceCv (visited)
Volcano (visited)         Gauntlet (visited)

Altars:
Ashenzari
Cheibriados
Dithmenos
Fedhas
Gozag
Hepliaklqana
Kikubaaqudgha
Makhleb
Nemelex Xobeh
Okawaru
Qazlal
Ru
Sif Muna
Trog
Uskayaw
Vehumet
Wu Jian
Xom
Yredelemnul
Jiyva

Shops:
D:6 :   D:8 !   Orc:1 =   Orc:2 *:([   Vaults:2 *[:*

Annotations:
D:1 amnesia scroll past lava


Innate Abilities, Weirdness & Mutations

You are a tree.
Your roots penetrate the ground, keeping you stationary.
You cannot be teleported.
You are immune to unholy pain and torment.
Your maximum health is greatly increased.
Your equipment is partially melded.
((You have claws for hands.))
A weak demonic guardian rushes to your aid.
You sometimes gain a little power by taking damage.
Your magical and physical power is enhanced at high health.
((Your movements are significantly less encumbered by armour. (ER -6)))


Message History

The spatial vortex is struck by lightning.
The spatial maelstrom barely misses you.
The spatial maelstrom hits you!
* * * LOW HITPOINT WARNING * * *
Space warps horribly around you!
* * * LOW HITPOINT WARNING * * *
The starcursed mass touches your hell rat but does no damage.
The starcursed mass touches your hell rat!
The starcursed mass barely misses your hell rat.
The spatial maelstrom hits you!
* * * LOW HITPOINT WARNING * * *
Space warps around you.
* * * LOW HITPOINT WARNING * * *
The spatial maelstrom hits you but does no damage.
The spatial maelstrom hits your hell rat. x2
Space warps around your hell rat.
You feel much better.
You hear a bark! x2
The spatial vortex is engulfed in freezing vapours.
The spatial maelstrom completely misses you.
The spatial maelstrom hits you but does no damage.
The spatial maelstrom hits you!
* * * LOW HITPOINT WARNING * * *
Space warps horribly around you!
* * * LOW HITPOINT WARNING * * *
The spatial maelstrom hits you but does no damage.
The spatial vortex is engulfed in blazing flames.
The spatial vortex dissipates!
Your hell rat bites the starcursed mass but does no damage.
The starcursed mass is engulfed in freezing vapours.
A starcursed mass splits.
The starcursed mass shudders and is absorbed by its neighbour.
The spatial maelstrom barely misses you.
The spatial maelstrom hits you but does no damage.
The spatial maelstrom hits your hell rat but does no damage.
The spatial maelstrom hits your hell rat!
Your hell rat dies!
The spatial maelstrom completely misses you.
The spatial maelstrom hits you!
You die...

####.φ. # ##
###...v# ..
###....# .
##vv.v.###
#.v.$v##
##.vvvv####
.###
#v..v○.####
# #
#.vvvv..###
.
##v♣vX..###
.. .
##.Xv°v..##
#.
##..X○v..###
..
#.XXX...###
. .
#..v.(....#
. #
#..⌠...⌠..#
. .
#.v.......#
. #
#.........##
#†h# ⌠... .
. .⌠#) # .


You could see 6 starcursed masses, 6 spatial maelstroms and 17 spatial vortices.

Vanquished Creatures
  Mara (Shoals:3)
  Bai Suzhen (Vaults:2)
  Frederick (Vaults:3)
  Arachne (Spider:4)
  Jorgrun (D:12)
  Rupert (D:13)
  Asterion (Spider:2)
  2 liches
  A sphinx (Vaults:2)
  A kraken (Shoals:1)
  Gastronok (Lair:3)
  Kirke (D:14)
  Donald (Vaults:2)
  2 tengu reavers
  6 emperor scorpions (Spider:4)
  9 vault wardens
  An orc warlord (Orc:2)
  6 ghost moths
  Aizul (Vaults:1)
  A stone giant (D:15)
  8 ironbound preservers
  A broodmother (Spider:3)
  10 very ugly things
  2 entropy weavers
  3 ironbound thunderhulks
  2 elemental wellsprings (Shoals:2)
  A dire elephant (Lair:4)
  Snorg (Lair:4)
  11 merfolk javelineers
  A fire dragon (Lair:5)
  7 merfolk impalers
  6 yaktaur captains
  7 boulder beetles
  2 ogre magi (D:15)
  6 ironbound frosthearts
  13 vault guards
  2 great orbs of eyes
  Erica (D:11)
  An alligator snapping turtle (Shoals:3)
  7 hydras
  Erolcha (D:12)
  15 centaur warriors
  An anaconda (Lair:4)
  3 radroaches
  10 two-headed ogres
  3 jorogumos
  3 tengu warriors (D:15)
  2 dancing weapons
  4 merfolk aquamancers
  An alligator (Lair:4)
  4 death yaks (IceCv)
  5 merfolk avatars
  2 satyrs (Shoals:4)
  2 thrashing horrors (Abyss:5)
  An orc high priest (Orc:2)
  Urug (D:11)
  Nergalle (Orc:2)
  Amaemon (Lair:1)
  A sixfirhy (Abyss:5)
  Lodul (D:14)
  2 sun moths
  A fire crab (shapeshifter) (D:14)
  4 pharaoh ants
  7 sea snakes
  A flayed ghost (D:15)
  20 deep trolls
  5 steelbarb worms
  7 orb spiders
  7 wizards
  15 deep elf pyromancers
  3 lindwurms
  7 ironbound convokers
  An iron dragon zombie (Abyss:5)
  A phantasmal warrior (Vaults:4)
  6 orc knights
  A deep elf archer (Volcano)
  15 wolf spiders
  22 harpies
  11 cyclopes
  4 orc sorcerers
  26 ugly things
  12 fauns
  A salamander (shapeshifter) (D:13)
  15 manticores
  2 elephants (Lair:4)
  An oklob plant (Lair:3)
  7 merfolk sirens
  12 vault sentinels
  Maurice (D:9)
  3 moths of wrath
  7 water nymphs
  A naga mage (Vaults:1)
  2 smoke demons (Abyss:5)
  An ice statue (IceCv)
  A gargoyle (D:14)
  8 black mambas
  An orange demon (Lair:1)
  6 rime drakes
  7 cane toads
  Psyche (D:11)
  8 torpor snails
  2 hellions (Abyss:5)
  5 komodo dragons
  An unseen horror (D:15)
  14 yaktaurs
  6 tengu conjurers
  4 demonic crawlers
  2 efreet
  A queen bee (D:15)
  6 meliai (D:15)
  4 trolls
  24 tarantellas
  3 tyrant leeches (Lair:5)
  22 polar bears
  8 raiju
  27 merfolk
  8 hornets
  A raiju (shapeshifter) (D:15)
  A small abomination (Abyss:5)
  26 slime creatures
  2 dream sheep (Shoals:2)
  5 wind drakes
  16 blink frogs
  8 snapping turtles
  20 jumping spiders
  2 shadows
  A ynoxinul (Abyss:5)
  3 wyverns
  13 water elementals
  23 culicivoras
  A large abomination (Abyss:5)
  4 fire elementals (Volcano)
  7 basilisks
  3 steam dragons
  61 redbacks
  3 wraiths (D:11)
  A neqoxec (Abyss:5)
  64 yaks
  3 hogs (D:14)
  A human (D:14)
  12 vampire mosquitoes
  2 chaos spawn
  2 spatial vortices (Abyss:5)
  7 wargs
  Menkaure (D:7)
  17 hell hounds
  17 water moccasins
  An acid dragon (D:11)
  A floating eye (D:14)
  37 orc warriors
  3 sky beasts (D:7)
  18 ogres
  13 black bears
  4 boggarts
  39 wolves
  12 centaurs
  2 kobold brigands
  23 bullfrogs
  Blork the orc (D:4)
  4 gnoll sergeants
  A necrophage (D:7)
  2 scorpions (Lair:4)
  10 wights
  24 killer bees
  A howler monkey (D:6)
  9 electric eels
  8 starcursed masses (Abyss:5)
  6 hounds
  17 orc priests
  A gnoll bouda (D:9)
  Ijyb (D:4)
  Natasha (thrice) (D:4)
  An iguana (D:7)
  27 orc wizards
  11 hell rats
  13 gnolls
  20 river rats (D:7)
  9 adders
  2 shadow imps
  3 white imps
  An ufetubus (D:5)
  A worm (D:10)
  2 dart slugs (D:3)
  96 orcs
  5 ball pythons
  4 bats
  7 endoplasms
  3 giant cockroaches
  7 goblins
  5 hobgoblins
  2 jackals (D:2)
  5 quokkas
  4 frilled lizards
  18 kobolds
  5 rats
  2 butterflies (Lair:5)
  A lurking horror (Abyss:5)
  3 tentacles (Shoals:1)
1419 creatures vanquished.

Vanquished Creatures (collateral kills)
  A fenstrider witch (Shoals:3)
  A spark wasp (Spider:1)
  Josephine (D:11)
  A hydra (Lair:5)
  A death yak (IceCv)
  A sea snake (Shoals:4)
  An orc knight (Orc:2)
  A wolf spider (Spider:4)
  A deep elf pyromancer (Vaults:4)
  An ugly thing (D:15)
  A cyclops (D:13)
  A cane toad (Lair:1)
  A rime drake (Lair:3)
  2 hornets
  4 merfolk (Shoals:2)
  2 slime creatures (Vaults:1)
  7 yaks
  A redback (Spider:4)
  A basilisk (Lair:3)
  A water moccasin (Lair:3)
  An orc warrior (D:9)
  A bullfrog (D:9)
  An orc priest (Orc:2)
  A gnoll (D:9)
  A worm (D:3)
  2 orcs
  A bat (D:3)
39 creatures vanquished.

Vanquished Creatures (others)
  A manticore (Shoals:3)
  A raiju (Abyss:5)
  A redback (Spider:4)
  A black bear (D:7)
  A bullfrog (D:7)
  A howler monkey (D:12)
  A river rat (D:7)
  14 fungi
  119 plants
  6 tentacles (Shoals:1)
146 creatures vanquished.

Grand Total: 1604 creatures vanquished

Notes
Turn   | Place    | Note
-------+----------+-------------------------------------------
     0 | D:1      | firemarshallily the Demonspawn Gladiator began the quest
                  | for the Orb.
     0 | D:1      | Reached XP level 1. HP: 16/16 MP: 1/1
   329 | D:1      | Gained mutation: A weak demonic guardian rushes to your
                  | aid. [demonic ancestry]
   329 | D:1      | Reached XP level 2. HP: 14/22 MP: 2/2
  1412 | D:2      | Gained mutation: Your movements are slightly less
                  | encumbered by armour. (ER -2) [demonic ancestry]
  1412 | D:2      | Reached XP level 3. HP: 28/28 MP: 3/3
  1536 | D:2      | Found a faded altar of an unknown god.
  2091 | D:3      | Reached skill level 3 in Fighting
  2091 | D:3      | Reached skill level 1 in Armour
  2091 | D:3      | Gained mutation: You have sharp fingernails. [demonic
                  | ancestry]
  2091 | D:3      | Reached XP level 4. HP: 24/35 MP: 4/4
  2628 | D:3      | Found a broken altar of Ashenzari.
  2731 | D:3      | Gained mutation: You sometimes gain a little power by
                  | taking damage. [demonic ancestry]
  2731 | D:3      | Reached XP level 5. HP: 41/41 MP: 5/5
  2740 | D:3      | Got the Meditations on the Transmuted Sky
  3112 | D:4      | Noticed Natasha
  3120 | D:4      | Killed Natasha
  3121 | D:4      | Reached skill level 4 in Fighting
  3127 | D:4      | Noticed Natasha
  3148 | D:4      | Killed Natasha
  3261 | D:4      | Noticed Ijyb
  3274 | D:4      | Killed Ijyb
  3275 | D:4      | Gained mutation: You have very sharp fingernails. [demonic
                  | ancestry]
  3275 | D:4      | Reached XP level 6. HP: 29/48 MP: 6/6
  3446 | D:4      | Noticed Blork the orc
  3459 | D:4      | Killed Blork the orc
  3544 | D:4      | Noticed Natasha
  3552 | D:4      | Killed Natasha
  3887 | D:5      | Entered Level 5 of the Dungeon
  4015 | D:5      | Reached skill level 5 in Fighting
  4015 | D:5      | Reached skill level 5 in Axes
  4015 | D:5      | Reached XP level 7. HP: 54/56 MP: 7/7
  4627 | D:6      | Found Hyvvipt's Book Emporium.
  4645 | D:6      | HP: 2/56 [ogre/+0 giant club (17)]
  5125 | D:6      | Reached skill level 6 in Fighting
  5126 | D:6      | Identified a scroll of acquirement
  5126 | D:6      | Acquired 1132 gold pieces
  5402 | D:6      | Reached XP level 8. HP: 64/64 MP: 8/8
  5403 | D:6      | Found a staircase to the Ecumenical Temple.
  5427 | Temple   | Entered the Ecumenical Temple
  5752 | D:6      | Noticed a hornet
  5768 | D:6      | Killed a hornet
  6001 | D:6      | Found a radiant altar of Vehumet.
  6235 | D:6      | Reached skill level 7 in Fighting
  6378 | D:7      | Found a shimmering altar of Xom.
  6694 | D:7      | Reached XP level 9. HP: 53/73 MP: 9/9
  7139 | D:7      | Reached skill level 8 in Fighting
  7407 | D:7      | Noticed Menkaure
  7422 | D:7      | Killed Menkaure
  7536 | D:7      | Reached skill level 5 in Armour
  7813 | D:7      | Found the +2 ratskin cloak {*Rats rPois rN+ Str-1 Int-1
                  | Dex+1}
  7853 | D:7      | Reached skill level 9 in Fighting
  8220 | D:8      | Found Lutas's Distillery.
  8239 | D:8      | Bought a potion of lignification for 45 gold pieces
  8239 | D:8      | Bought a potion of brilliance for 60 gold pieces
  8239 | D:8      | Bought a potion of haste for 150 gold pieces
  8239 | D:8      | Bought a potion of mutation for 120 gold pieces
  8239 | D:8      | Bought 3 potions of cancellation for 360 gold pieces
  8381 | D:8      | Got the Compilation of Injurious Gloom
  8832 | D:8      | Gained mutation: Your movements are less encumbered by
                  | armour. (ER -4) [demonic ancestry]
  8832 | D:8      | Reached XP level 10. HP: 78/83 MP: 10/10
  9608 | D:8      | Found a shimmering blue altar of Sif Muna.
  9779 | D:8      | Reached skill level 10 in Fighting
  9804 | D:9      | Found a stormy altar of Qazlal.
  9812 | D:9      | Became a worshipper of Qazlal Stormbringer
 10329 | D:9      | Found a staircase to the Lair.
 10525 | D:9      | Found a sparkling altar of Nemelex Xobeh.
 10552 | D:9      | Found a basalt altar of Yredelemnul.
 10595 | D:9      | Reached skill level 10 in Axes
 10970 | D:9      | Noticed Maurice
 11028 | D:9      | Killed Maurice
 11029 | D:9      | Reached skill level 11 in Fighting
 11029 | D:9      | Reached XP level 11. HP: 35/93 MP: 11/11
 11267 | D:9      | Found a staircase to the Orcish Mines.
 11323 | D:9      | Noticed a two-headed ogre
 11363 | D:9      | Killed a two-headed ogre
 11397 | D:9      | Reached * piety under Qazlal
 11707 | D:10     | Entered Level 10 of the Dungeon
 12403 | D:10     | Found a snail-covered altar of Cheibriados.
 12632 | D:10     | Found an ornate altar of the Wu Jian Council.
 12713 | D:10     | You fall into a shaft and drop 3 floors!
 12722 | D:13     | Noticed a deep elf pyromancer
 12856 | D:13     | Noticed a seven-headed hydra
 12863 | D:13     | Killed a five-headed hydra
 12938 | D:12     | Noticed a brown ugly thing
 12948 | D:12     | Killed a brown ugly thing
 13148 | D:12     | Noticed a boulder beetle
 13174 | D:12     | Killed a boulder beetle
 13302 | D:12     | Reached ** piety under Qazlal
 13363 | D:12     | Noticed a brown ugly thing
 13375 | D:12     | Killed a brown ugly thing
 13376 | D:12     | Reached skill level 12 in Fighting
 13585 | D:12     | Noticed Erolcha
 13606 | D:12     | Killed Erolcha
 13712 | D:12     | Noticed a two-headed ogre
 13722 | D:12     | Killed a two-headed ogre
 13880 | D:11     | Noticed Psyche
 14049 | D:11     | Noticed a four-headed hydra
 14059 | D:11     | Killed a one-headed hydra
 14060 | D:11     | Reached XP level 12. HP: 92/103 MP: 12/12
 14395 | D:11     | Noticed Urug
 14428 | D:11     | Killed Urug
 14671 | D:11     | Killed Psyche
 14753 | D:11     | Noticed Erica
 14766 | D:11     | Killed Erica
 14932 | D:11     | Reached skill level 13 in Fighting
 15308 | D:11     | Noticed Josephine
 15318 | D:11     | Killed Josephine
 15380 | D:12     | Noticed Jorgrun
 15444 | Lair:1   | Entered Level 1 of the Lair of Beasts
 15549 | Lair:1   | Found a gate leading to a gauntlet.
 15565 | Gauntlet | Entered a Gauntlet
 15565 | Gauntlet | Found a transporter.
 15565 | Gauntlet | Found a transporter.
 15566 | Gauntlet | Found a transporter.
 15569 | Gauntlet | Found a transporter.
 15569 | Gauntlet | Found a transporter.
 15577 | Gauntlet | Found a transporter.
 15625 | Gauntlet | Found a transporter.
 15629 | Gauntlet | Found a transporter.
 15632 | Gauntlet | Noticed a ghost crab
 15643 | Gauntlet | Found a transporter.
 15679 | Gauntlet | Found a transporter.
 15679 | Gauntlet | Found a transporter.
 15759 | Gauntlet | Found a transporter.
 15934 | Lair:1   | Noticed Amaemon
 15955 | Lair:1   | Killed Amaemon
 15956 | Lair:1   | You fall into a shaft and drop 1 floor!
 16122 | Lair:2   | Noticed a seven-headed hydra
 16135 | Lair:2   | Killed a two-headed hydra
 16325 | Lair:1   | Noticed a seven-headed hydra
 16337 | Lair:1   | Killed a two-headed hydra
 16489 | Lair:1   | Noticed a boulder beetle
 16526 | Lair:1   | Killed a boulder beetle
 17127 | Lair:2   | Reached skill level 14 in Fighting
 17135 | Lair:2   | Reached *** piety under Qazlal
 17370 | Lair:2   | Gained mutation: Your movements are significantly less
                  | encumbered by armour. (ER -6) [demonic ancestry]
 17370 | Lair:2   | Reached XP level 13. HP: 113/113 MP: 13/13
 17909 | Lair:2   | Found a hole to the Spider Nest.
 18107 | Lair:2   | Found a staircase to the Shoals.
 18542 | Lair:3   | Found an opulent altar of Gozag.
 19006 | Lair:3   | Noticed Gastronok
 19019 | Lair:3   | Killed Gastronok
 19644 | Lair:4   | Reached **** piety under Qazlal
 19736 | Lair:4   | Found a frozen archway.
 19747 | IceCv    | Entered an ice cave
 19852 | IceCv    | Reached skill level 15 in Fighting
 20334 | IceCv    | Reached skill level 10 in Armour
 20642 | IceCv    | Reached XP level 14. HP: 34/123 MP: 14/14
 21000 | IceCv    | Got the Codex of the Winter
 21004 | IceCv    | Identified the ring of Suspected Treachery {Ice Int+3 Dex+2
                  | SInv}
 21011 | IceCv    | Identified the +6 shortbow of the Volcano {flame, SInv
                  | Stlth+}
 21486 | Lair:4   | Reached ***** piety under Qazlal
 21490 | Lair:4   | Reached skill level 1 in Invocations
 21983 | Lair:4   | Identified the +7 arbalest of the Vaults {flame, rF+}
 22002 | Lair:4   | Noticed Snorg
 22015 | Lair:4   | Killed Snorg
 22176 | Lair:4   | Identified the +5 flail of the Shouting Wasp {vorpal,
                  | rPois}
 22247 | Lair:4   | Reached skill level 16 in Fighting
 22274 | Lair:4   | Reached skill level 15 in Axes
 23608 | Lair:5   | Entered Level 5 of the Lair of Beasts
 24009 | Lair:5   | Found a viscous altar of Jiyva.
 24009 | Lair:5   | Found a staircase to the Slime Pits.
 24512 | Lair:5   | Found a runed translucent door.
 25344 | Lair:5   | Reached skill level 5 in Invocations
 25732 | Lair:5   | Gained mutation: You have claws for hands. [demonic
                  | ancestry]
 25732 | Lair:5   | Reached XP level 15. HP: 127/133 MP: 19/19
 26514 | D:12     | Killed Jorgrun
 27336 | D:13     | Reached skill level 17 in Fighting
 27755 | D:13     | Noticed Rupert
 27782 | D:13     | Killed Rupert
 28271 | D:14     | Noticed Kirke
 28284 | D:14     | Killed Kirke
 28708 | D:14     | Reached ****** piety under Qazlal
 28941 | D:14     | Noticed Lodul
 28956 | D:14     | Killed Lodul
 28976 | D:14     | Reached skill level 1 in Shields
 29491 | D:14     | Reached skill level 18 in Fighting
 30004 | D:14     | Found a gate to the Vaults.
 30320 | D:15     | Entered Level 15 of the Dungeon
 30796 | D:15     | Gained mutation: Your magical and physical power is
                  | slightly enhanced at high health. [demonic ancestry]
 30796 | D:15     | Reached XP level 16. HP: 136/144 MP: 21/21
 30872 | D:15     | Reached skill level 5 in Shields
 31738 | D:15     | Found a staircase to the Depths.
 32474 | Spider:1 | Entered Level 1 of the Spider Nest
 32597 | Lair:2   | Reached skill level 19 in Fighting
 34475 | Spider:2 | Noticed Asterion
 34494 | Spider:2 | Killed Asterion
 36395 | Spider:3 | Reached XP level 17. HP: 99/155 MP: 23/23
 36905 | Spider:4 | Entered Level 4 of the Spider Nest
 37251 | Spider:4 | Reached skill level 20 in Fighting
 37687 | Spider:4 | Noticed Arachne
 37715 | Spider:4 | Killed Arachne
 37716 | Spider:4 | Reached skill level 5 in Throwing
 39642 | Spider:4 | Got a gossamer rune of Zot
 40107 | Shoals:1 | Entered Level 1 of the Shoals
 40608 | Shoals:1 | Reached skill level 10 in Shields
 40759 | Shoals:1 | Noticed a kraken
 40772 | Shoals:1 | Killed a kraken
 43200 | Shoals:2 | Reached skill level 21 in Fighting
 43776 | Shoals:2 | Reached skill level 10 in Invocations
 43847 | Shoals:2 | Gained mutation: Your magical and physical power is
                  | enhanced at high health. [demonic ancestry]
 43847 | Shoals:2 | Reached XP level 18. HP: 166/166 MP: 22/25
 45822 | Shoals:4 | Entered Level 4 of the Shoals
 46267 | Shoals:4 | Noticed Mara
 46282 | Shoals:4 | Noticed firemarshallily's illusion
 46657 | Shoals:4 | Noticed firemarshallily's illusion
 46728 | Shoals:4 | Noticed firemarshallily's illusion
 47329 | Shoals:4 | Noticed firemarshallily's illusion
 47391 | Shoals:4 | Noticed firemarshallily's illusion
 47402 | Shoals:3 | Noticed firemarshallily's illusion
 47411 | Shoals:3 | Killed Mara
 48579 | Shoals:4 | Reached skill level 22 in Fighting
 49105 | Shoals:4 | Got a barnacled rune of Zot
 49755 | Vaults:1 | Entered Level 1 of the Vaults
 50028 | Vaults:1 | You fall into a shaft and drop 1 floor!
 50090 | Vaults:2 | Noticed Bai Suzhen
 50108 | Vaults:2 | Killed Bai Suzhen
 50700 | Vaults:1 | Reached XP level 19. HP: 176/176 MP: 28/28
 50884 | Vaults:1 | Identified the ring "Qyal" {Fly AC+4}
 50901 | Vaults:1 | Noticed Aizul
 50913 | Vaults:1 | Killed Aizul
 51542 | Vaults:1 | Found a radiant altar of Vehumet.
 51547 | Vaults:1 | Identified the +0 hat of Filth {*Corrode rElec rPois
                  | Slay+5}
 51551 | Vaults:1 | Identified the +1 robe "Wah Jexu" {rElec rC- Str+2 Int+4}
 51566 | Vaults:1 | Identified the +1 robe "Eript" {Regen+ Int-3 Slay+3}
 51574 | Vaults:1 | Identified the +2 hat of the Morning {rPois rN+ rCorr
                  | Str-3}
 52123 | Orc:1    | Entered Level 1 of the Orcish Mines
 52230 | Orc:2    | Entered Level 2 of the Orcish Mines
 52283 | Orc:2    | Noticed Nergalle
 52305 | Orc:2    | Killed Nergalle
 52306 | Orc:2    | Reached skill level 23 in Fighting
 52363 | Orc:2    | Found Udokh's Book Shop.
 52370 | Orc:2    | Found Lopt's Antique Armour Shop.
 52407 | Orc:2    | Found a staircase to the Elven Halls.
 52668 | Orc:2    | Found a dark tunnel.
 52679 | Volcano  | Entered a volcano
 53316 | Orc:2    | Found Laronal's Antique Weapon Shop.
 53346 | Orc:2    | Found Erygosm's General Store.
 53354 | Orc:2    | Bought a potion of haste for 140 gold pieces
 53354 | Orc:2    | Bought a potion of heal wounds for 70 gold pieces
 53354 | Orc:2    | Bought a potion of heal wounds for 70 gold pieces
 53659 | Orc:2    | Bought a smelly plate armour for 1008 gold pieces
 53659 | Orc:2    | Identified the +6 plate armour "Jockyonu" {rF+} (You bought
                  | it in a shop on level 2 of the Orcish Mines)
 53709 | Orc:2    | Bought a scroll of butterflies for 56 gold pieces
 53725 | Orc:2    | Bought a fine war axe for 229 gold pieces
 53725 | Orc:2    | Identified the +8 war axe of Psychosis {vorpal, Dex+2} (You
                  | bought it in a shop on level 2 of the Orcish Mines)
 53903 | Orc:1    | Found Nyklofao's Jewellery Shoppe.
 53910 | Orc:1    | Bought the ring of Law {Fire rPois Str+7} for 559 gold
                  | pieces
 53910 | Orc:1    | Bought the ring "Iqutsir" {Int+2 Dex+6} for 519 gold pieces
 54438 | Vaults:2 | Reached skill level 10 in Throwing
 54640 | Vaults:2 | Noticed Donald
 54649 | Vaults:2 | Killed Donald
 54681 | Vaults:2 | Found Cytiech's Armour Emporium.
 55198 | Vaults:2 | Found a staircase to the Crypt.
 55317 | Vaults:2 | Found Miang's General Store.
 55323 | Vaults:2 | Bought a potion of mutation for 160 gold pieces
 55323 | Vaults:2 | Bought 2 potions of invisibility for 320 gold pieces
 55323 | Vaults:2 | Bought a scroll of teleportation for 60 gold pieces
 55481 | Vaults:2 | Found Xeyfuqeg's Book Emporium.
 55511 | Vaults:2 | Found Itite's General Store.
 55520 | Vaults:2 | Bought 2 potions of heal wounds for 180 gold pieces
 55520 | Vaults:2 | Bought a potion of haste for 180 gold pieces
 57211 | Vaults:3 | Noticed Frederick
 57227 | Vaults:3 | Killed Frederick
 58261 | Vaults:4 | Reached XP level 20. HP: 155/188 MP: 30/30
 58305 | Vaults:4 | Reached skill level 24 in Fighting
 58366 | Abyss:2  | Cast into level 2 of the Abyss (a wizard)
 58478 | Abyss:4  | Paralysed by accursed screaming for 1 turns
 58549 | Abyss:5  | Found a shimmering altar of Xom.
 58619 | Abyss:5  | Paralysed by accursed screaming for 1 turns
 58630 | Abyss:5  | Paralysed by accursed screaming for 1 turns
 58639 | Abyss:5  | HP: 6/282 [spatial maelstrom (9)]
 58640 | Abyss:5  | Slain by a spatial maelstrom

Illustrated notes

Levels and vault maps discovered:
D:1:      grunt_arrival_lava_bath, layout_loops_ring
D:2:      layout_loops_ring, chequers_ecumenical_altar_simple, minivault_19
D:3:      layout_loops_ring, nicolae_tso_carved_into_rock,
          lemuel_coloured_pillars_altar, lemuel_round_altar,
          hangedman_decor_lopped, minmay_three_crescents
D:4:      layout_gridville, elyvilon_altar_3, grunt_ministairs_4,
          uniq_blork_the_orc, uniq_ijyb, uniq_natasha
D:5:      layout_loops_ring, hangedman_abyss_or_decor_stagger
D:6:      layout_basic, fiery_altar_vehumet, minmay_temple_entry_tees,
          serial_shops, shop, mumra_transporter_accident
D:7:      wander_guarded_unrand_ratskin, layout_gridville, xom_confusion_cloud,
          minivault_27, uniq_menkaure
D:8:      layout_basic, kennysheep_orc_sif_temple, serial_shops,
          nicolae_stop_n_shop_1
D:9:      layout_roguey, nicolae_qazlal_scattered_showers,
          mainiacjoe_overflow_tiny_flanked, amcnicky_altar_gilded,
          erik_lair_island, david_orc_4, uniq_maurice
D:10:     layout_roguey, slow_altar_1, nzn_wu_jian_contemplation
D:11:     layout_basic, uniq_urug, uniq_psyche, uniq_josephine, uniq_erica
D:12:     layout_stronghold, uniq_erolcha, uniq_jorgrun
D:13:     layout_loops_ring, uniq_rupert
D:14:     layout_long_grid, lightli_vaults_fourway_checkpoint,
          nicolae_concentric_dashed_squares_wild, onia_ninara_cookie,
          uniq_lodul, uniq_kirke
D:15:     grunt_enter_depths_snipers, layout_gridville, nrook_mini_backslash,
          special_room [special_room_bee], minmay_bent
Temple:   hellmonk_temple_flake
Lair:1:   layout_roguey, gauntlet_entry_generic, serial_bayou_shore_a,
          uniq_amaemon
Lair:2:   layout_gridlike, elwin_shoals_entry_rooms,
          hellmonk_spider_entry_life_and_decay, nicolae_quartered_pool_little,
          infiniplex_staircase_pool
Lair:3:   layout_long_grid, columned_hall_lemuel, serial_bayou_pond_b,
          lemuel_oklob_altar, grunt_megastairs_1, uniq_gastronok
Lair:4:   layout_regular_city, portal_ice_cave_rime, nicolae_lair_lakeside_cave,
          serial_bayou_shore_b, uniq_snorg
Lair:5:   wormcave, layout_regular_city, hangedman_lair_caniforms_friends,
          slime_entry_1, lemuel_fruit_fields
Shoals:1: layout_shoals, nicolae_shoals_mertower
Shoals:2: layout_shoals, nicolae_shoals_spring_well_temple
Shoals:3: layout_shoals, nicolae_shoals_beach_house_on_fowls_legs
Shoals:4: shoals_end_hangedman, layout_shoals, nicolae_shoals_square_sea_wall,
          uniq_mara
Spider:1: layout_spider_delve
Spider:2: layout_chambers, uniq_asterion
Spider:3: layout_spider_delve, nicolae_orb_stairs
Spider:4: grunt_spider_rune_circles, uniq_arachne
Orc:1:    layout_diamond_mine, serial_shops, shop
Orc:2:    grunt_orc_cross, layout_diamond_mine, enter_volcano_3,
          nicolae_orc_stony_grotto
Vaults:1: v_alt_pattern_6, grunt_vaults_diagonal, ontoclasm_vaults_hangar,
          hangedman_vaults_snaps, v_misc_4, ontoclasm_vaults_misaligned,
          vaults_mumra_minichess, ontoclasm_vaults_gateway,
          grunt_tower_of_power, vaults_room_stairs_pillars, v_pattern_1,
          grunt_vaults_funnel, v_misc_22, layout_vaults_omnicross, serial_glass,
          uniq_aizul
Vaults:2: grunt_vaults_twisty, minmay_crypt_entry_nasty_monster,
          nicolae_vaults_little_squares_5, grunt_vaults_hallway_long, v_misc_2,
          nicolae_vaults_border_crossing, hangedman_vaults_stretched_pinwheel,
          v_misc_17, layout_vaults_chaotic_city, serial_shops, shop,
          nicolae_shop_crystal, nicolae_shop_behind_doors, shop,
          uniq_bai_suzhen, uniq_donald
Vaults:3: vaults_dpeg_hooks, vaults_room_corners, ontoclasm_vaults_shuriken,
          layout_vaults_omnigrid, uniq_frederick
Vaults:4: portal_desolation_entry_ruin, v_misc_1, v_rooms_1, v_rooms_6,
          v_rooms_3, ontoclasm_vaults_pinch, st_eye, vaults_room_stairs_pillars,
          vaults_mumra_hex, nicolae_vaults_asterisk, v_misc_28,
          layout_vaults_omnibox
Abyss:5:  base: D:2, hangedman_relentless_pull,
          evilmike_nicolae_abyss_rune_containment_curve, evilmike_abyss_exit_6,
          hangedman_abyss_or_decor_passed, hangedman_abyss_stitches_cave

Skill      XL: |  1  2  3  4  5  6  7  8  9 10 11 12 13 14 15 16 17 18 19 20 |
---------------+-------------------------------------------------------------+-----
Throwing       | 2 3 4 7 9 10 | 10.2
Axes           | 3 4 5 6 7 8 10 11 13 14 15 16 | 16.0
Fighting       | 3 4 5 6 7 9 11 12 14 15 16 18 19 21 22 23 24 | 24.1
Armour         | 1 2 3 4 5 6 8 9 10 11 12 | 12.5
Invocations    | 5 7 8 10 12 13 | 13.8
Shields        | 4 8 10 11 | 11.0
Dodging        | |  2.8

Action                   |  1- 3 |  4- 6 |  7- 9 | 10-12 | 13-15 | 16-18 | 19-21 || total
-------------------------+-------+-------+-------+-------+-------+-------+-------++-------
Melee: War axe           |    88 |   124 |   264 |   714 |  1233 |  1313 |   728 ||  4464
       Punch             |     2 |     6 |     5 |     2 |       |       |       ||    15
Throw: Dart              |       |    10 |    15 |    57 |    56 |   102 |     2 ||   242
       Javelin           |       |     1 |     1 |    16 |    12 |    63 |     5 ||    98
       Throwing net      |       |     1 |       |     1 |       |       |       ||     2
       Boomerang         |       |       |       |     7 |       |       |       ||     7
Invok: Disaster Area     |       |       |       |       |     2 |     4 |       ||     6
       Upheaval          |       |       |       |       |     1 |    12 |     3 ||    16
       Elemental Force   |       |       |       |       |       |     2 |       ||     2
Evoke: Wand              |       |       |     5 |     4 |     1 |     2 |     2 ||    14
  Use: Scroll            |       |     8 |    11 |    10 |    13 |    15 |     3 ||    60
       Potion            |       |       |     4 |     5 |     5 |    14 |    15 ||    43
 Stab: Sleeping          |     3 |     2 |     4 |       |       |       |       ||     9
       Held in net/web   |       |     1 |       |       |       |       |       ||     1
       Invisible         |       |       |     1 |       |       |       |       ||     1
       Distracted        |       |       |     1 |     2 |     6 |     3 |     6 ||    18
       Paralysed         |       |       |       |       |       |     3 |       ||     3
Armor: Leather armour    |    14 |       |       |    10 |       |       |       ||    24
       Ring mail         |    12 |    42 |    61 |    77 |     8 |       |       ||   200
       Acid dragon scale |       |       |       |    16 |       |       |       ||    16
       Skin              |       |       |       |     1 |       |       |    17 ||    18
       Chain mail        |       |       |       |    64 |   430 |   462 |    34 ||   990
       Plate armour      |       |       |       |       |       |       |   102 ||   102
Dodge: Dodged            |    84 |   101 |   222 |   412 |   639 |   677 |   148 ||  2283
       Repelled          |       |       |       |       |     9 |    20 |     5 ||    34
Block: Other             |       |    14 |    65 |   106 |       |       |       ||   185
       Reflection        |       |       |     3 |     7 |    12 |    90 |    25 ||   137
       Orb               |       |       |       |    99 |   607 |       |       ||   706
       Buckler           |       |       |       |       |       |   711 |       ||   711
       Kite shield       |       |       |       |       |       |   964 |   575 ||  1539
